Map: Ruins of Endion

Players

Miszu - Winner!

  • Race: Terran Terran
  • League: Master

Demi

  • Race: Zerg Zerg
  • League: Master

VOD

Have the link to the VOD?

Description

Time

  • Played on: May 9, 2016, 3:46 p.m.
  • Length: 14:30
Show
View Real Time Build Order
Export as new Build Order

Miszu Terran - Winner!

Build Orders: Reaper Expand, Hellion Banshee 

Get SALT Encoding   

  12  0:00  SCV  
  13  0:13  SCV  
  14  0:17  Supply Depot  
  14  0:26  SCV  
  15  0:39  SCV  
  16  0:43  Barracks  
  16  0:46  Refinery  
  16  0:51  SCV  
  17  1:03  SCV  
  18  1:16  SCV  
  19  1:30  Orbital Command  
  19  1:31  Reaper  
  20  1:42  Command Center  
  20  1:51  Supply Depot  
  20  1:56  SCV  
  21  2:03  Marine  
  21  2:06  Factory  
  22  2:10  SCV  
  23  2:20  Refinery  
  23  2:22  SCV  
  24  2:34  SCV  
  25  2:42  Barracks Reactor  
  25  2:46  SCV  
  26  2:54  Starport, Orbital Command  
  26  2:58  SCV  
  27  3:10  SCV, Factory Tech Lab  
  28  3:22  SCV  
  28  3:25  SCV  
  30  3:28  Barracks Tech Lab  
  30  3:29  Hellion x2  
  34  3:34  SCV  
  34  3:36  Supply Depot  
  34  3:37  SCV  
  36  3:45  Armory  
  36  3:46  SCV  
  36  3:49  SCV, Banshee  
  36  3:51  Hellion  
  36  3:52  Barracks Reactor  
  36  3:53  Hellion  
  44  3:58  SCV  
  44  4:01  SCV  
  46  4:03  Supply Depot  
  46  4:11  SCV  
  46  4:13  Hellion  
  46  4:14  SCV  
  46  4:15  Hellion  
  52  4:23  SCV  
  53  4:26  Supply Depot, SCV  
  53  4:30  Liberator x2  
  54  4:35  SCV  
  54  4:36  Supply Depot  
  54  4:38  SCV  
  56  4:41  Hellion x2  
  60  4:47  SCV  
  60  4:48  Command Center  
  60  4:50  SCV  
  68  4:54  Refinery x2  
  68  4:59  SCV  
  69  5:02  Hellion, SCV  
  72  5:11  SCV  
  73  5:14  SCV  
  73  5:20  Supply Depot  
  74  5:23  Supply Depot, SCV  
  74  5:26  SCV  
  74  5:27  Starport  
  76  5:29  Starport  
  77  5:35  SCV  
  77  5:38  SCV  
  77  5:40  Liberator x2  
  77  5:42  Hellion x2  
  82  5:47  SCV  
  83  5:57  SCV  
  83  5:59  SCV  
  83  6:04  Hellion  
  74  6:13  SCV x2  
  74  6:15  Orbital Command  
  74  6:17  Banshee  
  74  6:18  Starport Tech Lab  
  79  6:19  Terran Ship Weapons Level 1  
  79  6:25  SCV  
  77  6:27  SCV  
  82  6:32  Hellion  
  82  6:33  Hellion  
  82  6:37  Engineering Bay, SCV  
  83  6:42  Banshee  
  83  6:45  SCV  
  84  6:51  Fusion Core, SCV  
  84  6:53  Starport x2  
  85  6:57  SCV  
  85  7:00  Supply Depot x2, Liberator  
  86  7:03  SCV, Banshee  
  86  7:07  Orbital Command  
  90  7:09  Liberator  
  90  7:10  SCV  
  90  7:15  SCV  
  92  7:19  Refinery  
  92  7:20  Refinery  
  92  7:22  SCV  
  96  7:27  SCV  
  100  7:34  SCV x2  
  102  7:37  Liberator  
  102  7:39  SCV  
  100  7:45  Hellion x2  
  100  7:46  SCV x2  
  109  7:51  SCV  
  109  7:53  Liberator  
  109  7:56  Starport Tech Lab x2, Liberator  
  109  7:57  Missile Turret  
  109  7:58  SCV x2, Liberator  
  115  8:02  Command Center  
  115  8:03  SCV  
  116  8:06  Hellion  
  120  8:18  Missile Turret  
  121  8:21  Missile Turret  
  121  8:23  Supply Depot  
  121  8:24  Supply Depot  
  121  8:25  Supply Depot  
  121  8:27  Hellion, Missile Turret  
  121  8:28  Hellion, Liberator x3  
  125  8:47  Supply Depot  
  125  8:48  Supply Depot  
  134  8:51  Supply Depot  
  134  8:53  Liberator  
  134  8:55  Terran Ship Weapons Level 2  
  134  8:58  Banshee  
  134  9:00  Hellion  
  134  9:01  Hellion  
  139  9:04  Command Center, Missile Turret  
  139  9:05  Missile Turret  
  140  9:21  Liberator x2  
  140  9:22  Hellion x2, Liberator  
  144  9:30  Liberator  
  141  9:36  Missile Turret  
  141  9:37  Refinery  
  141  9:40  Refinery  
  150  9:50  Hellion x2  
  157  9:53  Liberator  
  155  10:05  Cloaking Field, Liberator  
  155  10:06  Liberator  
  152  10:09  Banshee  
  152  10:11  Hellion  
  152  10:25  Orbital Command  
  152  10:28  Command Center  
  158  10:31  Planetary Fortress  
  158  10:37  Hellion x2, Banshee  
  91  10:42  Liberator  
  165  10:43  Liberator x2  
  165  10:53  Liberator x2  
  165  11:03  Liberator  
  144  11:19  Hellion  
  144  11:20  Hellion  
  151  11:27  Command Center  
  151  11:31  Liberator x2  
  145  11:36  Liberator  
  145  11:40  Hellion  
  145  11:41  Hellion  
  143  11:52  Hyperflight Rotors  
  152  12:02  Factory x2, Hellion x2  
  152  12:05  Banshee  
  159  12:13  Liberator  
  159  12:17  Banshee  
  159  12:18  Banshee  
  165  12:23  Hellion  
  165  12:24  Hellion  
  169  12:31  Command Center x2, Banshee  
  172  12:46  Planetary Fortress  
  172  13:04  Banshee x3  
  162  13:13  Factory Tech Lab, Banshee  
  162  13:14  Factory Tech Lab  
  162  13:16  Orbital Command  
  163  13:47  Banshee x2  
  172  14:15  Command Center  
  180  14:21  Refinery  
  180  14:22  Refinery  
Show
View Real Time Build Order
Export as new Build Order

Demi Zerg 

Build Orders: Hatch First, Muta Ling Bane 

Get SALT Encoding   

  12  0:01  Drone  
  13  0:14  Overlord  
  13  0:18  Drone  
  14  0:32  Drone x2  
  16  0:36  Drone  
  17  0:54  Hatchery  
  16  0:57  Drone  
  16  0:59  Drone  
  16  1:02  Extractor  
  17  1:15  Spawning Pool  
  16  1:19  Drone  
  16  1:24  Drone  
  18  1:30  Drone  
  19  1:42  Drone  
  20  1:54  Overlord  
  20  2:03  Queen  
  20  2:06  Metabolic Boost, Queen  
  20  2:07  Zergling x2  
  25  2:10  Zergling x2  
  25  2:14  Drone  
  27  2:19  Drone  
  28  2:23  Drone  
  28  2:28  Drone  
  30  2:32  Extractor  
  30  2:34  Drone  
  31  2:41  Overlord, Queen  
  33  2:49  Pneumatized Carapace  
  33  2:52  Drone x2  
  35  3:10  Drone x3  
  37  3:19  Queen  
  37  3:22  Drone x2  
  37  3:23  Drone x2  
  37  3:24  Overlord  
  37  3:26  Drone x2  
  43  3:36  Extractor  
  43  3:37  Drone  
  43  3:43  Hatchery  
  43  3:47  Drone x5  
  47  3:51  Overlord  
  47  3:53  Drone  
  48  3:56  Drone  
  48  4:06  Queen  
  48  4:09  Queen  
  52  4:12  Roach Warren  
  52  4:14  Baneling Nest  
  51  4:22  Overlord  
  51  4:23  Zergling x10  
  56  4:34  Zergling x2  
  56  4:35  Zergling x4  
  59  4:53  Overlord, Queen x2  
  59  4:54  Overlord  
  59  4:55  Zergling x2, Queen  
  59  4:56  Zergling x6  
  59  4:59  Baneling  
  69  5:00  Baneling x4  
  69  5:01  Baneling x3  
  69  5:13  Evolution Chamber  
  69  5:14  Drone x4, Evolution Chamber  
  68  5:15  Drone  
  68  5:16  Drone  
  68  5:18  Drone  
  74  5:22  Drone x2  
  74  5:25  Drone x2  
  78  5:34  Drone x4  
  78  5:35  Drone x2  
  84  5:38  Spore Crawler  
  83  5:43  Zerg Ground Armor Level 1  
  83  5:45  Zerg Melee Weapons Level 1  
  83  5:51  Extractor, Lair  
  83  5:53  Extractor  
  79  6:07  Spore Crawler  
  58  6:27  Drone x4  
  58  6:28  Drone x10  
  72  6:53  Drone x3  
  75  7:00  Spire, Extractor  
  73  7:01  Overlord  
  73  7:02  Extractor  
  73  7:04  Zergling x16  
  73  7:06  Centrifical Hooks  
  79  7:11  Zergling x4  
  79  7:12  Zergling x2  
  82  7:22  Zergling x6  
  84  7:30  Drone x2  
  85  7:44  Hatchery  
  72  7:56  Drone x3  
  72  7:57  Drone x4  
  78  8:02  Queen  
  78  8:03  Drone x3  
  78  8:04  Baneling x4  
  78  8:05  Zergling x12  
  89  8:08  Overseer  
  89  8:14  Mutalisk x2  
  89  8:19  Mutalisk x2  
  97  8:23  Overlord  
  97  8:24  Zerg Flyer Weapons Level 1  
  97  8:28  Overlord  
  97  8:42  Mutalisk x4  
  97  8:44  Overlord  
  97  8:48  Overlord  
  105  8:49  Mutalisk x2  
  111  8:58  Drone x2  
  111  9:00  Infestation Pit  
  111  9:02  Zerg Melee Weapons Level 2  
  110  9:03  Drone  
  110  9:04  Drone x2  
  110  9:06  Queen  
  110  9:08  Zergling x16  
  121  9:31  Corruptor x4  
  115  9:39  Hive, Queen x2  
  119  9:46  Overlord x3  
  111  10:03  Zergling x4  
  111  10:06  Corruptor x4  
  102  10:24  Corruptor  
  102  10:25  Corruptor x2  
  102  10:27  Zergling x12  
  102  10:28  Zergling x14  
  121  10:32  Queen x2  
  121  10:33  Corruptor  
  125  10:37  Corruptor  
  96  11:14  Zergling x10  
  96  11:15  Zergling x24  
  99  11:19  Ultralisk Cavern  
  98  11:29  Zerg Flyer Armor Level 1  
  98  11:36  Queen x2  
  98  11:37  Queen  
  104  11:43  Corruptor  
  104  11:44  Corruptor x3  
  112  11:47  Hatchery  
  112  11:48  Overlord  
  112  11:50  Baneling  
  112  11:51  Baneling x5  
  111  12:06  Chitinous Plating  
  111  12:10  Ultralisk  
  111  12:15  Ultralisk  
  123  12:22  Viper  
  126  12:29  Drone x2  
  128  12:32  Corruptor  
  118  12:39  Corruptor  
  118  12:41  Corruptor  
  116  12:50  Queen  
  116  12:51  Queen x2  
  118  12:53  Corruptor  
  95  13:12  Corruptor  
  95  13:13  Corruptor x2  
  101  13:23  Corruptor x2  
  103  13:46  Corruptor  
  103  13:47  Corruptor x3  
  96  13:57  Corruptor  
  96  14:01  Corruptor  
Tags
 
Add a new tag
Caveats
  • Supply blocks, unpowered buildings, or Contaminate may cause inaccurate times.
  • Supply counts are checked every 10 seconds.